 Dungeon Crawl Stone Soup version 0.18-a0-1220-g2dc6208 (webtiles) character file.

605 Psiweapon the Bolt Thrower (level 7, 0/40 HPs)
             Began as a Kobold Hunter on Feb 3, 2016.
             Killed by divine providence
             ... invoked by an orc priest
              (11 damage)
             ... on level 4 of the Dungeon.
             The game lasted 00:11:38 (3428 turns).

Psiweapon the Bolt Thrower (Kobold Hunter)          Turns: 3428, Time: 00:11:38

Health: 0/40       AC: 11    Str: 10    XL:     7   Next: 70%
Magic:  7/7        EV: 15    Int: 13    God:
Gold:   144        SH:  0    Dex: 18    Spells: 0 memorised, 6 levels left

rFire  . . .     SeeInvis .     v - +0 long sword
rCold  . . .     Gourm    .     l - -1 ring mail (curse)
rNeg   . . .     Faith    .     (shield restricted)
rPois  .         Spirit   .     (no helmet)
rElec  .         Dismiss  .     (no cloak)
rCorr  .         Reflect  .     (no gloves)
SustAt .         Harm     .     o - +0 pair of boots
MR     .....                    p - amulet of magic regeneration
Stlth  ++........               (no ring)
                                t - +4 ring of intelligence

@: not resistant to hostile enchantments, unstealthy
A: rough black scales 1, slimy green scales 1, carnivore 3, deterioration 1
a: no special abilities


You were on level 4 of the Dungeon.
You were completely stuffed.

You visited 1 branch of the dungeon, and saw 5 of its levels.

You collected 144 gold pieces.

Inventory:

Hand Weapons
 a - a +1 hand crossbow
 b - a +0 short sword
 v - a +0 long sword (weapon)
 x - a +0 blowgun
 y - a +2 hunting sling of flaming
Missiles
 d - a bolt
 k - 2 curare-tipped needles
 m - 28 sling bullets
 w - 11 poisoned needles
 B - 6 tomahawks (quivered)
Armour
 c - a +0 leather armour
 l - a cursed -1 ring mail (worn)
 o - a +0 pair of boots (worn)
Jewellery
 p - an amulet of magic regeneration (around neck)
 t - a +4 ring of intelligence (left hand)
Wands
 e - a wand of random effects (28/48)
Scrolls
 g - 3 scrolls of identify
 h - a scroll of fog
 i - a scroll of enchant weapon {unknown}
 n - a scroll of teleportation {unknown}
 u - a scroll of magic mapping {unknown}
Potions
 j - a potion of mutation
 r - a potion of magic {unknown}
Comestibles
 f - 2 meat rations
 q - 4 chunks of flesh
 s - a beef jerky
 A - a royal jelly


   Skills:
 - Level 2.5 Fighting
 * Level 4.0(4.2) Short Blades
 + Level 0.7(1.7) Long Blades
 - Level 5.9 Crossbows
 + Level 3.0 Armour
 + Level 5.0 Dodging
 * Level 4.0 Stealth
 + Level 0.2 Evocations


You had 6 spell levels left.
You didn't know any spells.

Dungeon Overview and Level Annotations

Branches:
Dungeon (5/15)
 Temple: D:4-7

Altars:

Annotations:
D:4 Eustachio


Innate Abilities, Weirdness & Mutations

You are small and have problems with some larger weapons.
You are carnivorous and can eat meat at any time.
You are partially covered in rough black scales (AC +4, Dex -1).
You are partially covered in slimy green scales (AC +2).
Your body sometimes deteriorates upon taking damage.


Message History

You kill the adder!
The orc wizard returns to its original shape as it dies.
The orc closely misses you.
You hit the orc priest.
The orc priest is heavily wounded.
The orc hits you but does no damage. The orc misses you.
The orc priest looks braver for a moment.
The orc completely misses you.
You slash the orc priest!
The orc priest is almost dead.
The orc hits you but does no damage. The orc priest closely misses you.
You miss the adder. The adder bites you but does no damage.
The orc priest mumbles some strange prayers to Beogh against you.
Pain shoots through your body! The adder bites you but does no damage.
The orc hits you with a flail!
* * * LOW HITPOINT WARNING * * *
The orc misses you.
The orc priest mumbles some strange prayers to Beogh against you.
Something smites you!
You die...

..................#
..................#
..................#
............>.....#
######............#
#............#
#.......§....#
#......§§§oo.#
#......§§oo@.#
#......§§§S..#
...(.o.......#
..(o)#########
..(S. ..@.. ..o.
...


You could see an orc priest, an adder and 3 orcs.

Vanquished Creatures
  Grinder (D:5)
  An ogre (D:3)
  An orc priest (D:4)
  An orc wizard (D:4)
  2 iguanas
  A giant frog skeleton (D:5)
  A worker ant (D:4)
  7 adders
  A worm (D:2)
  3 giant geckos
  8 orcs
  3 giant cockroaches
  8 goblins
  10 hobgoblins
  2 jackals (D:1)
  3 quokkas (D:3)
  9 bats
  3 giant newts
  8 kobolds
  7 rats
80 creatures vanquished.

Notes
Turn   | Place    | Note
--------------------------------------------------------------
     0 | D:1      | Psiweapon the Kobold Hunter began the quest for the Orb.
     0 | D:1      | Reached XP level 1. HP: 12/12 MP: 1/1
   103 | D:1      | Reached skill level 5 in Crossbows
   135 | D:1      | Reached XP level 2. HP: 18/18 MP: 2/2
   545 | D:1      | Reached XP level 3. HP: 19/22 MP: 3/3
  1099 | D:2      | HP: 1/22 [poisoned by an adder]
  1105 | D:2      | Reached XP level 4. HP: 22/27 MP: 4/4
  1510 | D:3      | Reached skill level 1 in Armour
  1666 | D:3      | Reached skill level 1 in Short Blades
  1952 | D:3      | Reached XP level 5. HP: 16/31 MP: 5/5
  2535 | D:3      | Noticed an ogre
  2544 | D:3      | Killed an ogre
  2544 | D:3      | Reached XP level 6. HP: 36/36 MP: 6/6
  3156 | D:5      | Entered Level 5 of the Dungeon
  3156 | D:5      | Noticed Grinder
  3170 | D:5      | Gained mutation: Your body sometimes deteriorates upon taking damage. [potion of mutation]
  3170 | D:5      | Gained mutation: You are partially covered in rough black scales (AC +4, Dex -1). [potion of mutation]
  3170 | D:5      | Gained mutation: You are partially covered in slimy green scales (AC +2). [potion of mutation]
  3176 | D:5      | Paralysed by Grinder for 2 turns
  3185 | D:5      | Killed Grinder
  3185 | D:5      | Reached XP level 7. HP: 21/40 MP: 7/7
  3415 | D:4      | Reached skill level 5 in Dodging
  3420 | D:4      | Noticed Eustachio
  3428 | D:4      | Killed from afar by an orc priest

Vault maps used:
D:1:      evilmike_arrival_home_sweet_home
D:3:      minmay_bisected
D:4:      first_bread, trog_three_pillars_becter, uniq_eustachio
D:5:      serial_shops, nicolae_shop_stone, uniq_grinder, uniq_blork_the_orc

Action                   |  1- 3 |  4- 6 |  7- 9 || total
-------------------------+-------+-------+-------++-------
Melee: Short sword       |    46 |    77 |    15 ||   138
       Long sword        |       |    41 |    17 ||    58
 Fire: Hand crossbow     |    43 |    40 |    11 ||    94
Evoke: Wand              |       |     1 |     2 ||     3
  Use: Potion            |     4 |     2 |       ||     6
       Scroll            |       |       |     2 ||     2
 Stab: Sleeping          |       |     3 |       ||     3
  Eat: Chunk             |     9 |     6 |     1 ||    16
